 Dungeon Sprint DCSS version 0.20-b1-18-gaa2fd62 (webtiles) character file.

15 potatolord6000 the Twirler (level 2, -3/19 HPs)
             Began as a Gargoyle Gladiator on May 24, 2017.
             Was an Initiate of Gozag.
             Slain by a troll (9 damage)
             ... in the Dungeon (Sprint IX: "|||||||||||||||||||||||||||||").
             The game lasted 00:01:50 (174 turns).

potatolord6000 the Twirler (Gargoyle Gladiator)      Turns: 174, Time: 00:01:51

Health: -3/19      AC: 15    Str: 20    XL:     2   Next: 50%
Magic:  2/2        EV:  9    Int:  8    God:    Gozag
Gold:   0          SH:  0    Dex: 14    Spells: 1/1 levels left

rFire    . . .     SeeInvis .   n - +0 lajatang
rCold    . . .     Gourm    .   (shield currently unavailable)
rNeg     + . .     Faith    .   p - +1 chain mail
rPois    ∞         Spirit   .   c - +0 helmet
rElec    +         Reflect  .   o - +0 cloak
rCorr    .         Harm     .   a - +0 pair of gloves
MR       .....     NoTele   +   (no boots)
Stlth    ..........             (no amulet)
Regen    0.1/turn               q - +3 ring of strength
MPRegen  0.1/turn               b - +3 ring of dexterity

@: no status effects
A: negative energy resistance 1, electricity resistance, unbreathing,
petrification resistance, rot immunity, AC +2
a: Potion Petition, Call Merchant, Bribe Branch, Renounce Religion


You were in the Dungeon.
You worshipped Gozag.
Gozag was noncommittal.
You were not hungry.

You visited 1 branch

Inventory:

Hand Weapons
 n - a +0 lajatang (weapon)
Armour
 a - a +0 pair of gloves (worn)
 c - a +0 helmet (worn)
 o - a +0 cloak (worn)
 p - a +1 chain mail (worn)
Jewellery
 b - a +3 ring of dexterity (right hand)
 q - a +3 ring of strength (left hand)
Scrolls
 k - 2 scrolls of blinking
 l - 3 scrolls of remove curse
 m - 2 scrolls of amnesia
Potions
 d - a potion of invisibility
 e - 5 potions of curing
 g - 3 potions of heal wounds
 h - a potion of haste
 i - 4 potions of magic
 j - a potion of berserk rage
Comestibles
 f - a bread ration


   Skills:
 + Level 3.4 Fighting
 + Level 3.8 Staves
 - Level 1.7 Throwing
 + Level 2.4 Armour
 + Level 3.1 Dodging


You had one spell level left.
You didn't know any spells.

Dungeon Overview and Level Annotations

Branches:
Dungeon (1/1)

Altars:
Cheibriados
Dithmenos
Elyvilon
Fedhas
Gozag
Hepliaklqana
Kikubaaqudgha
Makhleb
Nemelex Xobeh
Okawaru
Qazlal
Ru
Sif Muna
Trog
Uskayaw
Vehumet
Xom
Yredelemnul
Zin
The Shining One
Beogh
Jiyva
Lugonu


Innate Abilities, Weirdness & Mutations

You are resistant to torment.
Your stone body is resilient. (AC +2)
You are immune to poison.
You resist negative energy. (rN+)
You are resistant to electric shocks. (rElec)
You can survive without breathing.
You are immune to petrification.
You are immune to rotting.


Message History

q - a +3 ring of strength (left hand) Put on which piece of jewellery? (? for menu, Esc to quit)
You feel agile.
b - a +3 ring of dexterity (right hand)
You open the door.
An iguana, a crocodile, a worker ant, a two-headed ogre, a troll and a skeleton come into view.
The two-headed ogre shouts in stereo!
The worker ant twitches its antennae in your direction.
The troll shouts!
You closely miss the troll. The troll bites you.
The troll claws you but does no damage. The troll claws you.
You hit the troll.
The troll is lightly wounded.
The troll bites you. The troll claws you. The troll barely misses you.
Unknown command.
You hit the troll.
The troll is moderately wounded.
The troll bites you!
You die...
Your body crumbles into a pile of gold. ▓▓▓▓▓▓▓▓▓▓▓▓▓▓▓▓▓▓▓▓▓▓▓▓ .OZatlT@.[..)/..'____.__ ▓▓▓▓▓▓▓▓▓▓▓▓▓▓▓▓▓▓▓▓▓▓▓▓ $$ $$$$$ $ $ $ $$$$$ $$$$$$

You could see a two-headed ogre, a troll, a crocodile, an iguana, a worker ant and an adder skeleton.

Vanquished Creatures
  2 leopard geckos (D)
  A ball python (D)
  3 bats (D)
  A bat skeleton (D)
  A bat zombie (D)
  A goblin (D)
  A hobgoblin (D)
10 creatures vanquished.

Notes
Turn   | Place    | Note
-------+----------+-------------------------------------------
     0 | D        | potatolord6000 the Gargoyle Gladiator began the quest for the Orb.
     0 | D        | Reached XP level 1. HP: 12/12 MP: 1/1
    15 | D        | Reached skill level 1 in Armour
    25 | D        | Reached XP level 2. HP: 16/19 MP: 2/2
    94 | D        | Found a roughly hewn altar of Beogh.
    94 | D        | Found a snail-covered altar of Cheibriados.
    94 | D        | Found a shadowy altar of Dithmenos.
    94 | D        | Found a white marble altar of Elyvilon.
    94 | D        | Found a blossoming altar of Fedhas.
    94 | D        | Found an opulent altar of Gozag.
    95 | D        | Found a hazy altar of Hepliaklqana.
    96 | D        | Found a viscous altar of Jiyva.
    97 | D        | Found an ancient bone altar of Kikubaaqudgha.
    98 | D        | Found a corrupted altar of Lugonu.
    99 | D        | Found a burning altar of Makhleb.
   100 | D        | Found a sparkling altar of Nemelex Xobeh.
   101 | D        | Found an iron altar of Okawaru.
   102 | D        | Became a worshipper of Gozag Ym Sagoz the Greedy
   103 | D        | Found a stormy altar of Qazlal.
   104 | D        | Found a sacrificial altar of Ru.
   105 | D        | Found a deep blue altar of Sif Muna.
   106 | D        | Found a bloodstained altar of Trog.
   107 | D        | Found a hide-covered altar of Uskayaw.
   108 | D        | Found a radiant altar of Vehumet.
   110 | D        | Found a shimmering altar of Xom.
   111 | D        | Found a basalt altar of Yredelemnul.
   112 | D        | Found a glowing silver altar of Zin.
   113 | D        | Found a glowing golden altar of the Shining One.
   171 | D        | Noticed a two-headed ogre
   171 | D        | Noticed a crocodile
   171 | D        | Noticed a troll
   174 | D        | Slain by a troll

Skill      XL: |  1  2 |
---------------+-------+-----
Armour         | 1 2 |  2.4
Fighting       | 3 |  3.4
Dodging        | 3 |  3.1
Staves         | |  3.8
Throwing       | |  1.7

Action                   || total
-------------------------++-------
Melee: Quarterstaff      ||    34
       Lajatang          ||     3
Armor: Leather armour    ||    21
       Chain mail        ||     1
Dodge: Dodged            ||    27
